 Dungeon Crawl Stone Soup version 0.26.1-16-g4e020e15dc (webtiles) character file.

Game seed: 4928092921414439750

1086 promet the Chopper (level 8, -3/71 HPs)
             Began as a Hill Orc Fighter on Jan 26, 2024.
             Was a Follower of Nemelex Xobeh.
             Slain by Edmund
             ... wielding a +1 flail of distortion
              (22 damage)
             ... on level 5 of the Dungeon on Jan 27, 2024.
             The game lasted 00:36:47 (5013 turns).

promet the Chopper (Hill Orc Fighter)               Turns: 5013, Time: 00:36:47

Health: -3/71      AC: 15    Str: 21    XL:     8   Next: 30%
Magic:  8/8        EV:  4    Int:  8    God:    Nemelex Xobeh [*.....]
Gold:   308        SH: 10    Dex: 10    Spells: 7/7 levels left

rFire    . . .     SeeInvis .   a - +1 war axe
rCold    . . .     Faith    .   c - +0 kite shield
rNeg     . . .     Spirit   .   m - +0 plate armour
rPois    .         Reflect  .   t - +0 helmet
rElec    .         Harm     .   x - +1 cloak
rCorr    .         Rampage  .   (no gloves)
Will     .....                  (no boots)
Stlth    ..........             (no amulet)
HPRegen  0.21/turn              (no ring)
MPRegen  0.11/turn              (no ring)

@: no status effects
A: no striking features
a: Renounce Religion, Draw Escape, Draw Destruction, Draw Summoning


You were on level 5 of the Dungeon.
You worshipped Nemelex Xobeh.
Nemelex Xobeh was aware of your devotion.
You visited 1 branch of the dungeon, and saw 5 of its levels.

You collected 308 gold pieces.

Inventory:

Hand Weapons
 a - a +1 war axe (weapon)
 b - a +0 hunting sling
Missiles
 e - 65 sling bullets
 f - 27 poisoned darts (quivered)
 h - 70 stones
Armour
 c - a +0 kite shield (worn)
 j - a +0 chain mail
 m - a +0 plate armour (worn)
 s - a +0 scale mail
 t - a +0 helmet (worn)
 x - a +1 cloak (worn)
Magical Staves
 u - an uncursed staff of fire {unknown}
Jewellery
 r - a cursed ring of teleportation {unknown}
 y - a cursed -4 ring of protection {unknown}
 B - an uncursed amulet of regeneration {unknown}
Scrolls
 g - a scroll of random uselessness
 i - 2 scrolls of fog
 k - a scroll of teleportation
 C - a scroll of remove curse
 D - 3 scrolls of enchant armour
Potions
 d - 2 potions of might
 l - a potion of attraction
 n - 2 potions of invisibility
 o - a potion of haste
 q - a potion of resistance
 v - a potion of degeneration {unknown}
 z - a potion of curing
 A - a potion of flight


   Skills:
 * Level 6.9 Fighting
 + Level 7.5 Axes
 + Level 1.9(2.2) Slings
 + Level 1.5(2.0) Throwing
 + Level 5.0 Armour
 + Level 0.1 Dodging
 + Level 0.1 Stealth
 + Level 5.1 Shields


You had 7 spell levels left.
You didn't know any spells.
Your spell library was empty.

Dungeon Overview and Level Annotations

Branches:
Dungeon (5/15)             Temple (0/1) D:4

Altars:
Elyvilon
Gozag
Nemelex Xobeh
Sif Muna

Annotations:
D:4 2 transporters, CoveEight's ghost, amateur DEFE
D:5 Edmund


Message History

You hit Edmund.
Edmund is almost dead.
Edmund hits you with a +1 flail of distortion.
Space bends around you.
You closely miss Edmund.
Edmund is almost dead.
Edmund hits you but does no damage.
You hit Edmund.
Edmund is almost dead.
You block Edmund's attack.
You closely miss Edmund.
Edmund is almost dead.
Edmund hits you but does no damage. Space warps horribly around you!
* * * LOW HITPOINT WARNING * * *
You feel better.
Edmund hits you with a +1 flail of distortion.
* * * LOW HITPOINT WARNING * * *
Space warps horribly around you!!
You die...
Your body disappears without a glow.

.........########.##
#...# ....[....#
...... #...#
#######..# #.......
##.## #######..#
#.#.##### #.#
.........#
#.##.#.######## ##.##
#######.##
#.##.#....#...###...##
#.#
#.##.#..#...P....._...
#.#
#.##....###...###...##
#######.####.##.@#.#
##### ##.## ...
.........##@.#.# #.# .
.............#.####
#.# #.###..(.........
... ######.#
#(####.#.#### .P.
....#.# #@# #.#...
...# ##...# ..(
#.##### #...## .###.
..# #....## #. (# ##


You could see Edmund (resistant).

Vanquished Creatures
  Prince Ribbit (D:5)
  Sigmund (D:4)
  Duvessa (D:4)
  Dowan (D:4)
  3 hounds
  A jelly (D:5)
  3 bullfrog skeletons
  A centaur skeleton (D:5)
  Jessica (D:2)
  An iguana (D:4)
  3 worker ants (D:4)
  A hound skeleton (D:5)
  Robin (D:3)
  A gnoll (D:4)
  11 adders
  An ooze (D:1)
  3 worms
  A dart slug (D:1)
  A leopard gecko (D:1)
  An orc (D:4)
  4 ball pythons
  5 bats
  6 giant cockroaches
  17 goblins
  11 hobgoblins
  7 jackals
  6 kobolds
  4 quokkas
  5 frilled lizards
  8 rats
111 creatures vanquished.

Vanquished Creatures (others)
  A fungus (D:5)
  6 plants (D:4)
7 creatures vanquished.

Grand Total: 118 creatures vanquished

Notes
Turn   | Place    | Note
-------+----------+-------------------------------------------
     0 | D:1      | promet the Hill Orc Fighter began the quest for the Orb.
     0 | D:1      | Reached XP level 1. HP: 19/19 MP: 1/1
    29 | D:1      | Reached XP level 2. HP: 21/27 MP: 2/2
   401 | D:1      | Reached skill level 3 in Axes
   536 | D:1      | Reached XP level 3. HP: 32/34 MP: 3/3
  1349 | D:2      | Reached XP level 4. HP: 31/41 MP: 4/4
  1552 | D:2      | Noticed Jessica
  1563 | D:2      | Killed Jessica
  2422 | D:3      | Reached XP level 5. HP: 42/47 MP: 5/5
  2533 | D:3      | Noticed Robin
  2539 | D:3      | Killed Robin
  2540 | D:3      | Reached skill level 4 in Axes
  2552 | D:3      | Reached skill level 5 in Fighting
  2748 | D:3      | Reached skill level 1 in Slings
  2982 | D:3      | Reached XP level 6. HP: 56/56 MP: 6/6
  3094 | D:3      | Found an opulent altar of Gozag.
  3094 | D:3      | Found a sparkling altar of Nemelex Xobeh.
  3103 | D:3      | Became a worshipper of Nemelex Xobeh the Trickster
  3228 | D:3      | Found a shimmering blue altar of Sif Muna.
  3380 | D:4      | Found a transporter.
  3381 | D:4      | Found a transporter.
  3526 | D:4      | Found a staircase to the Ecumenical Temple.
  3571 | D:4      | Noticed Sigmund
  3589 | D:4      | Killed Sigmund
  3590 | D:4      | Reached skill level 5 in Axes
  3590 | D:4      | Reached XP level 7. HP: 50/62 MP: 7/7
  3596 | D:4      | Noticed Dowan
  3597 | D:4      | Noticed Duvessa
  3620 | D:4      | Killed Dowan
  3621 | D:4      | Reached skill level 1 in Throwing
  3677 | D:4      | Killed Duvessa
  3783 | D:4      | Noticed CoveEight's ghost (amateur DEFE)
  4007 | D:4      | Reached skill level 6 in Axes
  4536 | D:5      | Entered Level 5 of the Dungeon
  4674 | D:5      | Reached * piety under Nemelex Xobeh
  4674 | D:5      | Received a gift from Nemelex Xobeh
  4683 | D:5      | Reached skill level 5 in Shields
  4727 | D:5      | Reached XP level 8. HP: 70/71 MP: 8/8
  4747 | D:5      | Reached skill level 7 in Axes
  4832 | D:5      | Noticed Prince Ribbit
  4882 | D:5      | Killed Prince Ribbit
  4883 | D:5      | Reached skill level 5 in Armour
  4943 | D:5      | Found a white marble altar of Elyvilon.
  4983 | D:5      | Noticed Edmund
  5013 | D:5      | Slain by Edmund

Illustrated notes

Levels and vault maps discovered:
D:1:      onia_arrival_handbag, layout_basic
D:2:      layout_loops_corners, kennysheep_jessica_study
D:3:      layout_rooms, grunt_temple_overflow_opulence, lemuel_altar_in_water,
          uniq_robin
D:4:      layout_loops_ring, minmay_temple_entry_sparse_star, serial_glass,
          glass_columns_a, glass_columns_a, feat_on_display,
          minmay_strange_pillars, gammafunk_ghost_gnarly_gnolls,
          cheibrodos_gnoll_hut, uniq_duvessa, uniq_sigmund
D:5:      layout_loops_ring, elyvilon_altar_1, uniq_edmund, uniq_prince_ribbit1

Skill      XL: |  1  2  3  4  5  6  7  8 |
---------------+-------------------------+-----
Fighting       | 4 5 6 |  6.9
Axes           | 3 4 5 6 7 |  7.5
Armour         | 4 5 |  5.0
Shields        | 4 5 |  5.1
Slings         | 1 |  1.9
Throwing       | 1 |  1.5
Dodging        | |  0.1
Stealth        | |  0.1

Action                   |  1- 3 |  4- 6 |  7- 9 || total
-------------------------+-------+-------+-------++-------
Melee: War axe           |   116 |   200 |   123 ||   439
 Fire: Hunting sling     |       |    47 |     5 ||    52
Throw: Dart              |       |     8 |    21 ||    29
Invok: Draw Destruction  |       |       |     2 ||     2
  Use: Scroll            |     1 |     9 |     5 ||    15
       Potion            |       |       |     4 ||     4
Armor: Scale mail        |    58 |       |       ||    58
       Plate armour      |     3 |   116 |    81 ||   200
Dodge: Dodged            |    40 |    17 |    12 ||    69
Block: Kite shield       |    75 |   109 |    69 ||   253
